Cogmind - Beta 12 @@@ ROGUE MODE // 2023.04.18 @ 21:32:10 Player: Shadow Pussy wanter Result: Destroyed by as-75351 with Assembled Rifle Performance ------------- Evolutions (0) 0 Regions Visited (2) 400 Robots Destroyed (11) 55 Value Destroyed (277) 277 Prototype IDs (2) 40 Alien Tech Used (0) 0 Bonus (32) 32 TOTAL SCORE: 804 Bonus ------- Follower Combat Kills 32 Cogmind --------- Core Integrity 0/250 Matter 300/300 Energy 98/100 System Corruption 7% Temperature Cool (0) Movement Core (50) Location -10/Mines Parts ------- > --- POWER (1) -------- (None) > --- PROPULSION (2) --- (None) > --- UTILITY (2) ------ (None) > --- WEAPON (2) ------- (None) > --- INVENTORY (5) ---- Ion Engine Improved Terrain Scanner Light Armor Plating Assault Rifle Bore Cannon Peak State ------------ > --- POWER ------------ Light Ion Engine > --- PROPULSION ------- Light Treads Light Treads > --- UTILITY ---------- Small Storage Unit Improved Terrain Scanner > --- WEAPON ----------- Assault Rifle Assault Rifle > --- INVENTORY -------- Ion Engine Aluminum Leg Aluminum Leg Wheel Compact Wheel Small Laser [Rating: 9] Favorites ----------- Power Ion Engine Engine Ion Engine Propulsion Light Treads Treads Light Treads Utility Small Storage Unit Device Improved Terrain Scanner Storage Small Storage Unit Processor Targeting Computer Weapon Assault Rifle Energy Gun Small Laser Ballistic Gun Assault Rifle Build | -11 -10 -10 ------- Run | Jun Mat Min Slots Evolved . | . . . Power . | . . . Propulsion . | . . . Utility . | . . . Weapon . | . . . Parts Attached 11 | 7 2 2 Power 2 | 1 1 . Engine 2 | 1 1 . Core . | . . . Reactor . | . . . Propulsion 3 | 2 . 1 Treads 3 | 2 . 1 Leg . | . . . Wheel . | . . . Hover . | . . . Flight . | . . . Utility 3 | 1 1 1 Device 1 | . 1 . Storage 1 | 1 . . Processor 1 | . . 1 Hackware . | . . . Protection . | . . . Artifact . | . . . Weapon 3 | 3 . . Energy Gun 1 | 1 . . Energy Cannon . | . . . Ballistic Gun 2 | 2 . . Ballistic Cannon . | . . . Launcher . | . . . Special Weapon . | . . . Impact Weapon . | . . . Slashing Weapon . | . . . Piercing Weapon . | . . . Special Melee Weapon . | . . . Unidentified Prototypes . | . . . Parts Lost 5 | . 1 4 Power 1 | . 1 . Propulsion 1 | . . 1 Utility 1 | . . 1 Weapon 2 | . . 2 Highest Loss Streak 3 | . 1 3 To Critical Strikes . | . . . Average Slot Usage (%) 93 | . 86 96 Engine 13 | . 14 13 Treads 27 | . 28 27 Storage 13 | . 14 13 Processor 8 | . . 13 Ballistic Gun 27 | . 28 27 Naked Turns 21 | . . 21 Heaviest Build 14 | 12 14 14 Greatest Support 40 | 40 40 40 Greatest Overweight (x) 2 | 2 . . Average Overweight (x) . | . . . Largest Inventory Capacity 8 | 8 8 8 Average Capacity 7 | 7 8 7 Most Carried 8 | 7 8 8 Average Carried 7 | 4 7 7 Final Capacity 8 | 8 8 5 Final Carried 7 | 7 7 5 Class Distribution -------------------- 100% | Mutant Dominant Class ---------------- Mutant | -10/Materials Mutant | -10/Mines Resources | -11 -10 -10 ----------- Run | Jun Mat Min Matter Collected 658 | 272 237 149 Remotely . | . . . Salvage Created 435 | 120 237 78 Parts 17 | 3 7 7 Haulers Intercepted . | . . . Recyclers Shooed . | . . . Parts Field Recycled . | . . . Retrieved Matter . | . . . Parts Self-Destructed . | . . . Prevented . | . . . Kills | -11 -10 -10 ------- Run | Jun Mat Min Combat Hostiles Destroyed 8 | . 5 3 Guns 8 | . 5 3 Classes Destroyed 5 | 3 1 1 Worker 1 | 1 . . Tunneler 1 | 1 . . Recycler 1 | 1 . . Swarmer 2 | . . 2 Grunt 6 | . 5 1 Best Kill Streak 4 | 3 4 2 Combat Bots Only 4 | . 4 2 Max Kills in Single Turn 2 | 1 1 2 Gunslinging 1 | . . 1 Exploded . | . . . Melee . | . . . Uniques/NPCs Destroyed . | . . . Combat | -11 -10 -10 -------- Run | Jun Mat Min Damage Taken 802 | . 409 393 Core 251 | . 41 210 Absorbed by Shields . | . . . Core Remaining (%) 100 | 100 . . Volleys Fired 45 | 11 26 8 Largest 2 | 2 2 2 Hottest 40 | 40 40 40 Shots Fired 90 | 22 52 16 Gun 90 | 22 52 16 Cannon . | . . . Launcher . | . . . Special . | . . . Kinetic 90 | 22 52 16 Thermal . | . . . Explosive . | . . . Electromagnetic . | . . . Robot Hit Streak 25 | 5 25 9 Robot Miss Streak 3 | 3 2 2 Penetration Max . | . . . Secondary Targets 1 | . . 1 Max Gunslinging Chain 1 | . . 1 Shots Hit Robots 65 | 11 42 12 Core Hits 23 | 4 13 6 Critical Kills . | . . . Critical Parts Destroyed . | . . . Critical Strikes . | . . . Melee Attacks . | . . . Impact . | . . . Slashing . | . . . Piercing . | . . . Sneak Attacks . | . . . Combat Hostiles . | . . . Follow-up Attacks . | . . . Damage Inflicted 849 | 147 540 162 Guns 849 | 147 540 162 Cannons . | . . . Explosions . | . . . Melee . | . . . Ramming . | . . . Kinetic 849 | 147 540 162 Thermal . | . . . Explosive . | . . . Electromagnetic . | . . . Impact . | . . . Slashing . | . . . Piercing . | . . . Highest Corruption 7 | . . 7 Average Corruption 6 | . . 6 Corruption Purged . | . . . Corruption Blocked . | . . . Overload Shots . | . . . Overflow Damage . | . . . Projectiles . | . . . Explosions . | . . . Melee . | . . . Knockbacks . | . . . Impact . | . . . Kinetic . | . . . Secondary . | . . . Self-Inflicted Damage . | . . . Shots . | . . . Rammed 1 | . . 1 Targets Rammed 1 | . . 1 Kicked . | . . . Crushed . | . . . Highest Temperature 46 | 6 4 46 Average Temperature 12 | 6 2 29 Received Heat Transfer 384 | . 225 159 Siege Activations . | . . . Robots Corrupted . | . . . Combat Hostiles . | . . . Parts Fried . | . . . Impact Corruptions . | . . . Robots Melted . | . . . Combat Hostiles . | . . . Parts Melted . | . . . Heat Transferred . | . . . Parts Sabotaged . | . . . Parts Stolen . | . . . Parts Stripped . | . . . Power Chain Reactions . | . . . Missiles Intercepted . | . . . Alert | -11 -10 -10 ------- Run | Jun Mat Min Peak Influence 178 | 15 178 132 Initial 9 | . 9 . Average 54 | 4 75 53 Maximum Alert Level . | . . . Low Security (%) 100 | 100 100 100 Level 1 . | . . . Level 2 . | . . . Level 3 . | . . . Level 4 . | . . . Level 5 . | . . . High Security . | . . . Max Security . | . . . Squads Dispatched . | . . . Investigation . | . . . Extermination . | . . . Reinforcement . | . . . Assault . | . . . Garrison . | . . . Intercept . | . . . Searches Triggered . | . . . Construction Impeded . | . . . Haulers Reinforced . | . . . Active Scanning Responses . | . . . Cargo Convoy Interrupts . | . . . Stealth | -11 -10 -10 --------- Run | Jun Mat Min Distress Signals 1 | . 1 . Communications Jammed . | . . . Distress Signals . | . . . Times Spotted 27 | . 15 12 Peak Tracking Total 5 | . 5 5 Tactical Retreats 1 | . 1 . Traps | -11 -10 -10 ------- Run | Jun Mat Min Traps Triggered . | . . . Indirectly . | . . . Trap Hack Attempts . | . . . Triggered . | . . . Disarmed . | . . . Reprogrammed . | . . . Reused . | . . . Traps Extracted . | . . . Installed . | . . . Triggered . | . . . Machines | -11 -10 -10 ---------- Run | Jun Mat Min Machines Disabled . | . . . Max in Single Turn . | . . . Machines Repaired . | . . . Machines Sabotaged . | . . . Overloaded Fab Kills . | . . . Hacking | -11 -10 -10 --------- Run | Jun Mat Min Machines Accessed 3 | . 3 . Terminals 3 | . 3 . Fabricators . | . . . Repair Stations . | . . . Recycling Units . | . . . Scanalyzers . | . . . Garrison Access . | . . . Total Hacks 10 | . 10 . Successful 7 | . 7 . Failed 3 | . 3 . Catastrophic . | . . . Database Lockouts . | . . . Manual 8 | . 8 . Terminals 10 | . 10 . Fabricators . | . . . Repair Stations . | . . . Recycling Units . | . . . Scanalyzers . | . . . Garrison Access . | . . . Terminal Hacks 4 | . 4 . Robot Analysis 2 | . 2 . Prototype ID Bank 1 | . 1 . Branch Access Points 1 | . 1 . Fabricator Hacks . | . . . Repair Station Hacks . | . . . Recycling Unit Hacks . | . . . Scanalyzer . | . . . Garrison Access Hacks . | . . . Unauthorized Hacks 3 | . 3 . Terminals 3 | . 3 . Botnet 3 | . 3 . Fabricators . | . . . Repair Stations . | . . . Recycling Units . | . . . Scanalyzers . | . . . Garrison Access . | . . . Data Cores Recovered . | . . . Used . | . . . Hacking Detections 2 | . 2 . Full Trace Events . | . . . Feedback Events . | . . . Feedback Blocked . | . . . Robot Schematics Acquired . | . . . Robots Built . | . . . Authchips . | . . . Time . | . . . Total Robot Build Rating . | . . . Part Schematics Acquired . | . . . Parts Built . | . . . Authchips . | . . . Time . | . . . Total Part Build Rating . | . . . Parts Repaired . | . . . Time . | . . . Parts Recycled . | . . . Recycled Matter . | . . . Retrieved Matter . | . . . Retrieved Components . | . . . Parts Scanalyzed . | . . . Part Schematics Acquired . | . . . Parts Damaged . | . . . Bothacking | -11 -10 -10 ------------ Run | Jun Mat Min Used RIF Installer . | . . . Robots Hacked . | . . . Non-combat . | . . . Combat . | . . . Robot Hacks Applied . | . . . Relay Couplers Released . | . . . Fabnet Peak Effective % . | . . . Robots Rewired . | . . . Allies Hacked . | . . . Hacks Repelled . | . . . Allies | -11 -10 -10 -------- Run | Jun Mat Min Total Allies 1 | . . 1 Largest Group 1 | . . 1 Highest-Rated Group 31 | . . 31 Highest-Rated Ally 31 | . . 31 Total Orders . | . . . Ally Attacks 9 | . . 9 Total Damage 191 | . . 191 Kills 2 | . . 2 Allies Corrupted . | . . . Allies Melted . | . . . Intel | -11 -10 -10 ------- Run | Jun Mat Min Robot Analysis Total 2 | . 2 . Derelict Logs Recovered 2 | . . 2 Drone Launches . | . . . Drone Recoveries . | . . . Exploration | -11 -10 -10 ------------- Run | Jun Mat Min Turns Passed 1305 | 158 403 744 Spaces Moved 729 | 73 190 466 Core 54 | 13 . 41 Treads 675 | 60 190 425 Legs . | . . . Wheels . | . . . Hover . | . . . Flight . | . . . Fastest Speed 50 | 50 160 50 Average Speed 152 | 145 160 150 Slowest Speed 160 | 160 160 160 Overloaded Moves . | . . . Propulsion Burnouts . | . . . Robots Hopped . | . . . Cave-ins Triggered . | . . . Exploration Rate (%) 42 | 6 36 85 Regions Visited 2 Branch Regions 1 Pre-discovered Areas 2 | . . 2 Known Exits Taken 1 | . 1 . Unknown Exits Taken 1 | 1 . . Scrap Searched 1 | . . 1 Spaces Dug . | . . . Terrain Destroyed . | . . . Melee . | . . . Projectile . | . . . AOE . | . . . Terrain Rammed . | . . . Walls Destroyed . | . . . Machines Disabled . | . . . Actions | -11 -10 -10 --------- Run | Jun Mat Min Total 833 | 99 239 495 Wait 25 | 2 16 7 Move 727 | 72 189 466 Hop . | . . . Pick Up 16 | 7 3 6 Fast Attach 7 | 6 . 1 Attach 3 | . 2 1 Detach 1 | . 1 . Swap 1 | 1 . . Drop 7 | . 2 5 Fire 45 | 11 26 8 Melee . | . . . Ram . | . . . Kick . | . . . Crush 1 | . . 1 Escape Stasis . | . . . Rewire . | . . . Trap . | . . . Miscellaneous . | . . . Route ------- -11/Junkyard -10/Materials (discovered 2 exits: [*Mat] / *Min) -10/Mines (discovered 1 exit: [*Mat]) History --------- Turn | Location | Event 17 | -11/Junkyard | Discovered new exit (range 16) 159 | -11/Junkyard | Entered Materials 302 | -10/Materials | Build established: Mutant 307 | -10/Materials | Discovered new exit (range 14) 507 | -10/Materials | Identified exit to Mines 562 | -10/Materials | Entered Mines 574 | -10/Mines | Joined a pair of Derelicts in attacking an 0b10 outpost 671 | -10/Mines | Discovered new exit (range 9) 675 | -10/Mines | Learned location of Zion (-6) 820 | -10/Mines | A weapon hastily lodged in a ceiling crevice suddenly fell to the ground 846 | -10/Mines | Received a Mining Laser from a helpful Derelict 1264 | -10/Mines | Assembled infested the area 1285 | -10/Mines | Released all parts (3) 1286 | -10/Mines | Core integrity fell below 50% 1294 | -10/Mines | Found a hidden stash of uninstalled traps 1304 | -10/Mines | Core integrity fell below 20% 1306 | -10/Mines | Destroyed by as-75351 with Assembled Rifle Last Messages --------------- 01264_ ALERT: Infestation in the mines, dispatching Demolisher response squad. 01278_ Critical hit (Burn: +80). 01282_ Targeting Computer destroyed. 01282_ Assault Rifle destroyed. 01282_ System corrupted by crushing effect (+2). 01282_ System corrupted by crushing effect (+3). 01282_ Lgt. Treads severed. 01283_ Assault Rifle destroyed. 01283_ System corrupted by crushing effect (+2). 01285_ Released Sml. Storage Unit. 01285_ Released Ion Engine. 01285_ Released Lgt. Treads. 01285_ Dropped Targeting Computer. 01286_ Acquired Imp. Terrain Scanner. 01292_ as-20478 sneak attacks. 01292_ T-07 Excavator system corrupted by crushing effect. 01292_ T-07 Excavator destroyed. 01294_ A stash of uninstalled traps is collected here! 01303_ Knocked back. Map ----- +----------------------------------------------------+ | ???????????????????????????## ##???# ! * #????? | | ???????????????????????????## #????##[ #####?? | | ???????????????????????????# #????###//### ##? | | ???????????????????????????# #????# ## | | ???????????????????????????# #???## # | | ??????????????????????????##% ##??# # | | ????????????????????????### ##?# ## | | ???????????????????????## ! #?# ##? | | ???????????????????????# != #?# ##?? | | ??????????????????????## =*! ##?## ## #??? | | ??????????????????????# ##???####### #??? | | ???????????????######## ##??????????# #??? | | ??????????????# #???????????# ##?? | | ??????????????# ##???????????# #?? | | ??????????????? ######### #????????????### #?? | | ?????????????????????????## #??????????????# ### | | ??????????????????????????# #??????????????# | | ?????????????????????????## ##??????????????##### | | ????????????????????????## #???????????????????? | | ????????????????????????# #???????????????????? | | ???????????????????????## ##???###????????????? | | ???????????????????????# ### ###??????????? | | ???????????????????????# & ##?????????? | | ???????????????????????## & & #?????????? | | ????????????????????????# && #?????????? | | ????????????????????????#@a ##?????##### | | ???????????????????????## ### #######?????## # | | ??????????????????????## a##??###???????????# | | ?????????????????????## aa#?????????????????# | | ?????????????????????# ##????????????????## """ | | ?????????????????????# ##????????????????# """ | | ?????????????????????# ####????????????# """ | | ?????????????????????# ##??????????# | | ?????????????????????## #??????????# | | ??????????????????????## #??????????## | | ???????????????????????###### ##???????????###### | | ????????????????????????????####?????????????????? | | ?????????????????????????????????????????????????? | | | | | | | | | | | | | | | | | | | | | | | | | +----------------------------------------------------+ Best States ------------- Heat Dissipation 25 Energy Generation 10 Energy Capacity 250 Matter Stores 300 Matter Capacity 300 Sight Range 16 Terrain Scan Range 16 Terrain Scan Density 10 Evasion (%) 50 Targeting Accuracy 5 Recoil Reduction 2 Item Schematics ----------------- None Robot Schematics ------------------ None Fabricated ------------ Nothing Alien Tech Used ----------------- None Achievements -------------- None Challenges ------------ None Game ------ Seed DirtyCannonMembrane Manual? 0 Play Time 00:09:35 Cumulative 95.7 hours Start 2023.04.18 @ 21:25:46 End 2023.04.18 @ 21:32:10 Sessions 1 Manual Loads 0 Difficulty Rogue Special Mode None Game No. 142 Rogue 142 Adventurer 0 Explorer 0 Win Type - Total 1 Types 1/0/0/0/0/0/0/0/0 Lore% 56 Gallery% 61 Achievement% 48 Wizard Run 0 Options --------- ASCII 0 Keyboard 0 Movement Numpad Keybinds 0 Fullscreen 1 Font 18/SmallcapsGlow Map View 76x50 Tactical HUD 1 Map Filters NONE Filters NONE Steam 1 RUN: 95976e47-5a20-44ee-af2f-ce8590737736